Map: Lightshade LE

Players

A.I. 1 (Very Easy)

  • Race: Terran Terran
  • Spawn Location: 5:00

IlIlllIlIlII - Winner!

  • Race: Zerg Zerg
  • Spawn Location: 11:00

VOD

Have the link to the VOD?

Description

Time

  • Played on: Feb. 5, 2021, 9:53 p.m.
  • Length: 12:04
Show
View Real Time Build Order
Export as new Build Order

A.I. 1 (Very Easy) Terran 

Build Orders: Reaper Expand 

Get SALT Encoding   

  12  0:00  SCV  
  13  0:13  SCV  
  14  0:18  Supply Depot  
  14  0:42  Barracks  
  14  1:02  Command Center  
  14  1:30  Orbital Command, Supply Depot  
  14  1:31  Marine  
  15  1:35  Refinery  
  15  1:47  Refinery  
  15  1:55  SCV  
  16  2:07  SCV  
  17  2:14  SCV  
  17  2:15  Reaper  
  19  2:21  SCV  
  20  2:28  SCV  
  21  2:35  SCV  
  22  2:43  SCV  
  23  2:49  Refinery  
  23  2:50  SCV  
  24  2:57  SCV  
  25  3:00  Marine  
  25  3:04  SCV  
  27  3:11  SCV  
  28  3:16  Factory  
  28  3:19  SCV  
  29  3:39  Refinery  
  29  3:41  SCV  
  29  3:45  Marine  
  31  3:49  SCV  
  31  3:55  Supply Depot  
  32  3:56  SCV  
  33  4:03  Starport, SCV  
  34  4:10  SCV  
  35  4:17  SCV  
  36  4:25  SCV  
  36  4:30  Marine  
  38  4:32  SCV  
  38  4:36  Supply Depot  
  39  4:39  Starport Tech Lab, SCV  
  40  4:46  SCV  
  41  4:53  SCV  
  41  4:59  Raven  
  42  5:00  SCV  
  45  5:08  SCV  
  46  5:15  Marine, SCV  
  48  5:42  Raven  
  48  5:49  SCV  
  50  6:00  Barracks Tech Lab  
  50  6:18  Reaper  
  51  7:04  Marauder  
  53  8:15  SCV  
  53  9:12  SCV  
  53  11:14  Reaper  
  53  11:15  Medivac  
  53  11:18  Supply Depot  
  45  11:22  Command Center  
  41  11:26  SCV  
  32  11:38  SCV  
  26  11:43  Supply Depot  
Show
View Real Time Build Order
Export as new Build Order

IlIlllIlIlII Zerg - Winner!

Build Orders: Hatch First, Lurkers, Roach Hydra 

Get SALT Encoding   

  12  0:00  Drone  
  13  0:12  Overlord  
  13  0:17  Drone  
  14  0:31  Drone x2  
  16  0:47  Hatchery  
  15  0:51  Drone  
  15  0:55  Drone  
  17  1:09  Spawning Pool  
  17  1:11  Drone  
  17  1:14  Drone  
  17  1:17  Drone  
  19  1:27  Drone  
  20  1:38  Drone  
  21  1:55  Queen, Hatchery  
  21  1:59  Queen  
  24  2:02  Zergling x2  
  24  2:05  Zergling x2  
  26  2:13  Overlord  
  26  2:16  Drone x2  
  26  2:19  Extractor  
  27  2:25  Drone  
  28  2:31  Drone x2  
  28  2:34  Queen  
  32  2:40  Queen  
  34  2:44  Drone  
  34  2:48  Overlord  
  35  2:51  Drone  
  36  2:59  Roach Warren  
  36  3:02  Drone  
  36  3:10  Drone x3  
  39  3:13  Drone x2  
  39  3:19  Drone x2  
  43  3:20  Drone  
  43  3:22  Drone  
  43  3:27  Overlord  
  45  3:31  Overlord  
  45  3:35  Drone  
  45  3:39  Drone  
  45  3:40  Roach  
  49  3:46  Roach x2  
  49  3:47  Roach  
  55  3:50  Roach  
  55  3:51  Roach  
  59  3:57  Overlord  
  59  3:58  Drone x2  
  61  4:03  Drone x3  
  61  4:04  Extractor  
  61  4:09  Queen, Overlord  
  63  4:11  Drone  
  63  4:16  Drone x3  
  69  4:21  Lair  
  69  4:25  Drone  
  69  4:27  Drone  
  69  4:30  Drone x4  
  75  4:33  Spore Crawler  
  75  4:35  Spore Crawler  
  75  4:36  Spore Crawler  
  72  4:40  Overlord  
  72  4:42  Drone  
  72  4:43  Drone x2  
  75  4:50  Drone x4, Extractor  
  75  4:51  Extractor  
  77  4:56  Drone, Evolution Chamber  
  77  4:58  Evolution Chamber  
  76  5:02  Drone  
  76  5:03  Drone x4  
  76  5:07  Drone x2  
  83  5:19  Drone  
  84  5:21  Overlord  
  84  5:24  Zerg Missile Weapons Level 1  
  84  5:25  Zerg Ground Armor Level 1  
  84  5:26  Overseer  
  84  5:30  Drone x5  
  84  5:32  Hatchery, Glial Reconstitution  
  88  5:40  Drone x3  
  88  5:41  Drone x4  
  95  5:47  Queen, Extractor  
  95  5:48  Queen, Extractor  
  97  5:51  Overseer  
  97  5:54  Overlord x2  
  97  5:58  Pneumatized Carapace  
  97  6:04  Overlord x2  
  97  6:11  Overlord  
  97  6:13  Roach  
  97  6:14  Roach x5  
  109  6:18  Hydralisk Den  
  109  6:19  Roach x2  
  112  6:36  Roach x10  
  132  6:50  Muscular Augments  
  132  6:51  Ravager  
  132  6:52  Ravager  
  132  6:53  Drone x8  
  142  6:57  Overlord  
  142  7:00  Overlord x2  
  142  7:01  Drone x2  
  142  7:03  Extractor  
  142  7:04  Spore Crawler  
  142  7:05  Extractor  
  141  7:18  Drone, Overlord x2  
  141  7:19  Drone x5  
  141  7:21  Zerg Missile Weapons Level 2  
  147  7:25  Hatchery, Infestation Pit  
  145  7:30  Zerg Ground Armor Level 2  
  145  7:34  Drone x6  
  145  7:36  Hydralisk  
  153  7:48  Overlord  
  153  7:49  Hydralisk x3  
  159  8:00  Spore Crawler  
  159  8:01  Spore Crawler x2, Grooved Spines  
  159  8:03  Hive  
  156  8:07  Hydralisk x2  
  156  8:08  Hydralisk x4, Lurker Den  
  167  8:16  Hydralisk x4  
  167  8:17  Extractor  
  174  8:21  Extractor  
  174  8:24  Drone x2  
  175  8:28  Drone  
  175  8:32  Drone x2  
  175  8:33  Drone x2  
  180  8:47  Overlord  
  180  8:56  Spore Crawler  
  180  8:57  Spore Crawler, Hatchery  
  180  8:58  Spore Crawler  
  180  8:59  Spore Crawler  
  180  9:00  Queen x2, Spore Crawler  
  180  9:02  Extractor  
  177  9:03  Extractor  
  177  9:07  Lurker x10  
  186  9:16  Seismic Spines  
  186  9:18  Viper  
  186  9:20  Overseer  
  186  9:23  Viper  
  192  9:32  Viper  
  192  9:38  Spine Crawler  
  194  9:39  Drone x6  
  194  9:41  Spine Crawler  
  194  9:42  Spine Crawler x2  
  194  9:44  Spine Crawler  
  196  9:48  Drone x3  
  199  9:55  Spore Crawler x2  
  199  9:56  Spine Crawler x3  
  199  9:57  Spine Crawler  
  199  9:58  Spine Crawler  
  199  9:59  Drone  
  193  10:00  Drone x5  
  193  10:01  Drone  
  199  10:13  Adaptive Talons  
  199  10:34  Hydralisk x5  
  199  10:37  Overlord  
  199  10:41  Hydralisk x3  
  199  10:42  Hydralisk  
  199  10:45  Hydralisk  
  199  11:54  Hatchery  
Tags
 
Add a new tag
Caveats
  • Supply blocks, unpowered buildings, or Contaminate may cause inaccurate times.
  • Supply counts are checked every 10 seconds.